 Dungeon Crawl Stone Soup version 0.20.1-1-g8b1a95d (webtiles) character file.

1792 Andry07 the Fighter (level 9, 0/65 HPs)
             Began as a Gargoyle Fighter on Oct 5, 2017.
             Was a Follower of Okawaru.
             Slain by an orc priest
             ... wielding a +0 trident
              (3 damage)
             ... on level 6 of the Dungeon.
             The game lasted 00:11:21 (4795 turns).

Andry07 the Fighter (Gargoyle Fighter)              Turns: 4795, Time: 00:11:21

Health: 0/65       AC: 21    Str: 22    XL:     9   Next: 9%
Magic:  9/9        EV:  7    Int:  9    God:    Okawaru [*.....]
Gold:   315        SH:  9    Dex: 10    Spells: 8/8 levels left

rFire    . . .     SeeInvis .   w - +0 morningstar
rCold    . . .     Gourm    .   c - +0 shield
rNeg     + + .     Faith    .   F - +0 pearl dragon scales
rPois    ∞         Spirit   .   z - +0 helmet
rElec    +         Reflect  .   x - +0 cloak
rCorr    .         Harm     .   o - +0 pair of gloves (curse)
MR       .....                  (no boots)
Stlth    ..........             (no amulet)
Regen    0.2/turn               (no ring)
MPRegen  0.2/turn               (no ring)

@: slowed, very slow
A: negative energy resistance 1, electricity resistance, unbreathing,
petrification resistance, rot immunity, AC +5
a: Heroism, Renounce Religion


You were on level 6 of the Dungeon.
You worshipped Okawaru.
Okawaru was aware of your devotion.
You were hungry.

You visited 2 branches of the dungeon, and saw 7 of its levels.

You collected 315 gold pieces.

Inventory:

Hand Weapons
 w - a +0 morningstar (weapon)
Armour
 c - a +0 shield (worn)
 o - a cursed +0 pair of gloves (worn)
 x - a +0 cloak (worn)
 z - a +0 helmet (worn)
 F - +0 pearl dragon scales (worn)
Jewellery
 y - an uncursed amulet of faith {unknown}
Wands
 E - a wand of disintegration (17/24)
Scrolls
 b - 2 scrolls of remove curse {unknown}
 g - 8 scrolls of identify {unknown}
 h - 3 scrolls of recharging {unknown}
 i - 3 scrolls of fear {unknown}
 l - 2 scrolls of random uselessness {unknown}
 m - 3 scrolls of teleportation {unknown}
 n - a scroll of fog {unknown}
 q - a scroll of amnesia {unknown}
 D - a scroll of magic mapping {unknown}
Potions
 d - 2 potions of might
 e - 2 potions of magic {unknown}
 j - 3 potions of degeneration {unknown}
 r - a potion of heal wounds {unknown}
 s - a potion of agility {unknown}
 t - a potion of haste {unknown}
 B - a potion of invisibility
 C - a potion of resistance {unknown}
Books
 a - a book of Flames

   Spells                             Type                      Level
   a - Flame Tongue                   Conjuration/Fire             1
   b - Throw Flame                    Conjuration/Fire             2
   c - Conjure Flame                  Conjuration/Fire             3
   d - Inner Flame                    Hexes/Fire                   3
   e - Sticky Flame                   Conjuration/Fire             4
   f - Fireball                       Conjuration/Fire             5
 A - a book of Cantrips

   Spells                             Type                      Level
   a - Confusing Touch                Hexes                        1
   b - Animate Skeleton               Necromancy                   1
   c - Summon Small Mammal            Summoning                    1
   d - Apportation                    Translocation                1
Comestibles
 f - 5 bread rations
 k - 2 meat rations
 p - 3 fruits
 u - 4 royal jellies


   Skills:
 - Level 12.0 Fighting
 - Level 2.0 Maces & Flails
 + Level 5.1 Armour
 - Level 3.2 Shields


You had 8 spell levels left.
You didn't know any spells.

Dungeon Overview and Level Annotations

Branches:
Dungeon (6/15)             Temple (1/1) D:5

Altars:
Ashenzari
Cheibriados
Dithmenos
Elyvilon
Gozag
Hepliaklqana
Kikubaaqudgha
Makhleb
Nemelex Xobeh
Okawaru
Qazlal
Ru
Trog
Uskayaw
Vehumet
Xom
Yredelemnul
Zin


Innate Abilities, Weirdness & Mutations

You are resistant to torment.
Your stone body is resilient. (AC +5)
You are immune to poison.
You resist negative energy. (rN+)
You are resistant to electric shocks. (rElec)
You can survive without breathing.
You are immune to petrification.
You are immune to rotting.


Message History

The orc wizard barely misses you. You block the orc wizard's attack.
The orc wizard hits you but does no damage.
The orc priest mumbles some strange prayers to Beogh against you.
Beogh smites you!
* * * LOW HITPOINT WARNING * * *
The orc wizard hits you but does no damage.
The orc priest hits you but does no damage.
You puncture the orc wizard!
You kill the orc wizard!
Okawaru accepts your kill. The orc priest barely misses you.
The orc priest closely misses you.
Your shield prevents you from hitting the orc priest.
The orc priest is severely wounded.
You block the orc priest's attack.
The orc priest looks satisfied for a moment.
Unknown command.
You hit the orc priest.
The orc priest is almost dead.
The orc priest hits you with a trident.
You die...

#..# #.......# ...#
......... #.. #..#
#.......# ... #..#
#........ .... #..#
#..o..... ..... #..#
#..o..oO. ...:.#####..#
.......<. #.........####
##o.###.# #..........@o#
.......##
#####.###.##)#####.##..#o#
#.# #.##.......z...?# #.#
#..........##..#
######.############## ..#
............#
#######.O###.#
#######.###.###
#.....<>...... #.#.....#
#.######...... #.#.#.#.###
#####


You could see an orc priest.

Vanquished Creatures
  Grinder (D:3)
  Menkaure (D:5)
  Duvessa (D:5)
  A sky beast (D:5)
  2 ogres
  A centaur (D:5)
  Dowan (D:5)
  A scorpion (D:5)
  A killer bee (D:4)
  4 wights
  A jelly (D:5)
  2 crimson imps
  4 hounds
  Natasha (twice) (D:3)
  5 orc wizards
  A worker ant (D:4)
  A hound skeleton (D:4)
  Robin (D:3)
  7 gnolls (D:4)
  4 adders
  An ooze (D:1)
  An adder skeleton (D:5)
  2 worms
  A dart slug (D:3)
  6 leopard geckos
  17 orcs
  5 giant cockroaches
  16 goblins
  10 hobgoblins
  7 jackals
  6 kobolds
  3 quokkas
  2 ball pythons (D:3)
  A ball python skeleton (D:4)
  10 bats
  6 frilled lizards
  A giant cockroach zombie (D:5)
  14 rats
  A spectral orc (D:4)
152 creatures vanquished.

Notes
Turn   | Place    | Note
-------+----------+-------------------------------------------
     0 | D:1      | Andry07 the Gargoyle Fighter began the quest for the Orb.
     0 | D:1      | Reached XP level 1. HP: 14/14 MP: 1/1
   138 | D:1      | Reached XP level 2. HP: 17/20 MP: 2/2
   141 | D:1      | Reached skill level 4 in Fighting
   268 | D:1      | Reached XP level 3. HP: 24/24 MP: 3/3
   740 | D:2      | Reached skill level 5 in Fighting
  1020 | D:2      | Reached XP level 4. HP: 31/31 MP: 4/4
  1135 | D:2      | Found a shattered altar of Ashenzari.
  1485 | D:3      | Noticed Grinder
  1492 | D:3      | Paralysed by Grinder for 5 turns
  1510 | D:3      | Killed Grinder
  1510 | D:3      | Reached skill level 7 in Fighting
  1510 | D:3      | Reached XP level 5. HP: 4/38 MP: 5/5
  1510 | D:3      | Reached XP level 6. HP: 4/44 MP: 6/6
  1891 | D:3      | Noticed Robin
  1921 | D:3      | Killed Robin
  2068 | D:3      | Noticed Natasha
  2080 | D:3      | Killed Natasha
  2172 | D:3      | Reached skill level 8 in Fighting
  2178 | D:3      | Noticed Natasha
  2191 | D:3      | Killed Natasha
  2256 | D:3      | Reached XP level 7. HP: 38/50 MP: 7/7
  2572 | D:4      | Found a basalt altar of Yredelemnul.
  2704 | D:4      | Reached skill level 9 in Fighting
  3201 | D:5      | Entered Level 5 of the Dungeon
  3244 | D:5      | Reached skill level 10 in Fighting
  3244 | D:5      | Reached XP level 8. HP: 51/57 MP: 8/8
  3510 | D:5      | Noticed Duvessa
  3513 | D:5      | Noticed Dowan
  3546 | D:5      | Killed Duvessa
  3546 | D:5      | Reached skill level 11 in Fighting
  3550 | D:5      | Killed Dowan
  3735 | D:5      | Found a staircase to the Ecumenical Temple.
  3889 | Temple   | Entered the Ecumenical Temple
  4021 | Temple   | Became a worshipper of Warmaster Okawaru
  4135 | D:5      | Noticed Menkaure
  4139 | D:5      | Killed Menkaure
  4358 | D:5      | HP: 1/60 [ogre/giant club (18)]
  4717 | D:6      | Reached skill level 12 in Fighting
  4774 | D:6      | Reached XP level 9. HP: 51/65 MP: 9/9
  4785 | D:6      | Reached * piety under Okawaru
  4785 | D:6      | Reached skill level 5 in Armour
  4792 | D:6      | HP: 1/65 [orc priest/divine providence (16)]
  4795 | D:6      | Slain by an orc priest

Skill      XL: |  1  2  3  4  5  6  7  8  9 |
---------------+----------------------------+-----
Fighting       | 4 5 7 8 10 12 | 12.0
Armour         | 4 5 |  5.1
Maces & Flails | |  2.0
Shields        | |  3.2

Action                   |  1- 3 |  4- 6 |  7- 9 || total
-------------------------+-------+-------+-------++-------
Melee: Flail             |   150 |   229 |     7 ||   386
       Morningstar       |       |       |   329 ||   329
  Eat: Chunk             |       |     4 |     8 ||    12
       Fruit             |       |     1 |     1 ||     2
Armor: Scale mail        |   121 |   155 |   190 ||   466
       Pearl dragon scal |       |       |    42 ||    42
Dodge: Dodged            |    55 |    76 |   128 ||   259
Block: Shield            |   103 |   140 |   183 ||   426
